Map: Dusk Towers

Players

HuShang

  • Race: Protoss Protoss
  • League: Master

State - Winner!

  • Race: Protoss Protoss
  • League: Master

VOD

Have the link to the VOD?

Description

Time

  • Played on: Feb. 1, 2016, 4:37 p.m.
  • Length: 4:53
Show
View Real Time Build Order
Export as new Build Order

HuShang Protoss 

Build Orders: 1 Gate Expand, Phoenix Opening 

Get SALT Encoding   

  12  0:01  Probe (Chrono Boost)  
  13  0:12  Probe (Chrono Boost)  
  14  0:20  Pylon  
  14  0:22  Probe (Chrono Boost)  
  15  0:38  Probe (Chrono Boost)  
  16  0:44  Gateway  
  16  0:47  Assimilator  
  16  0:49  Probe (Chrono Boost)  
  17  0:59  Probe (Chrono Boost)  
  18  1:10  Probe (Chrono Boost)  
  19  1:19  Nexus  
  19  1:22  Probe (Chrono Boost)  
  20  1:33  Cybernetics Core  
  20  1:36  Probe (Chrono Boost)  
  21  1:41  Assimilator  
  21  1:46  Probe (Chrono Boost)  
  22  1:53  Pylon  
  22  1:57  Probe (Chrono Boost)  
  23  2:12  Probe (Chrono Boost)  
  23  2:14  Adept (Chrono Boost), Warp Gate  
  26  2:24  Probe  
  26  2:29  Probe  
  27  2:36  Probe  
  29  2:39  Stargate, Adept (Chrono Boost)  
  29  2:41  Probe  
  32  2:48  Probe  
  33  2:52  Probe  
  34  3:00  Probe  
  34  3:02  Adept (Chrono Boost), Probe  
  34  3:05  Pylon  
  38  3:12  Probe  
  39  3:13  Probe  
  40  3:24  Phoenix (Chrono Boost)  
  40  3:25  Probe  
  40  3:26  Probe  
  42  3:35  Probe  
  42  3:38  Twilight Council, Probe  
  44  3:46  Probe  
  44  3:47  Phoenix (Chrono Boost)  
  46  3:51  Probe  
  46  3:57  Probe  
  46  3:59  Assimilator  
  46  4:00  Assimilator  
  47  4:03  Probe  
  47  4:07  Probe  
  46  4:24  Probe  
  46  4:26  Probe  
  46  4:28  Pylon  
  44  4:32  Pylon  
  44  4:37  Probe  
  44  4:38  Probe  
Show
View Real Time Build Order
Export as new Build Order

State Protoss - Winner!

Build Orders: 1 Gate Expand 

Get SALT Encoding   

  12  0:01  Probe (Chrono Boost)  
  13  0:12  Probe (Chrono Boost)  
  14  0:17  Pylon  
  14  0:22  Probe (Chrono Boost)  
  15  0:35  Probe (Chrono Boost)  
  16  0:36  Gateway  
  16  0:42  Assimilator  
  16  0:45  Probe (Chrono Boost)  
  17  0:56  Probe (Chrono Boost)  
  18  1:07  Probe (Chrono Boost)  
  19  1:19  Nexus  
  19  1:22  Probe (Chrono Boost)  
  20  1:32  Cybernetics Core  
  20  1:36  Probe (Chrono Boost)  
  21  1:40  Assimilator  
  21  1:46  Probe (Chrono Boost)  
  22  1:51  Pylon  
  22  1:57  Probe (Chrono Boost)  
  23  2:09  Mothership Core (Chrono Boost), Adept (Chrono Boost)  
  27  2:21  Warp Gate  
  27  2:27  Probe (Chrono Boost)  
  28  2:30  Probe (Chrono Boost)  
  28  2:34  Robotics Facility  
  29  2:38  Adept (Chrono Boost)  
  29  2:39  Probe  
  29  2:40  Probe  
  33  2:51  Probe x2  
  35  3:01  Probe  
  35  3:03  Probe  
  35  3:04  Stalker (Chrono Boost)  
  39  3:12  Pylon, Probe  
  39  3:15  Probe  
  41  3:23  Probe  
  42  3:27  Pylon  
  42  3:28  Pylon, Probe  
  42  3:29  Stalker (Chrono Boost)  
  42  3:33  Observer (Chrono Boost)  
  44  3:40  Gateway  
  44  3:42  Gateway  
  44  3:47  Probe  
  44  3:48  Probe  
  46  3:52  Twilight Council  
  45  3:57  Stalker  
  45  3:59  Probe  
  48  4:05  Probe  
  49  4:11  Probe  
  50  4:17  Probe  
  50  4:23  Probe  
  48  4:28  Assimilator  
  48  4:29  Probe  
  49  4:31  Observer (Chrono Boost)  
  49  4:33  Assimilator  
  49  4:35  Probe  
  49  4:43  Adept x2  
  53  4:48  Adept  
Tags
 
Add a new tag
Caveats
  • Supply blocks, unpowered buildings, or Contaminate may cause inaccurate times.
  • Supply counts are checked every 10 seconds.